 Dungeon Crawl Stone Soup version 0.32-a0-520-g344ed53f66 (webtiles) character file.

Game seed: 13055230264597913638

1813523 juan097 the Acrobat (level 27, 214/238 HPs)
             Began as a Merfolk Gladiator on Feb 26, 2024.
             Was the Champion of the Shining One.
             Escaped with the Orb
             ... and 3 runes
             ... and 1 gem on Feb 27, 2024!
             The game lasted 04:02:03 (66583 turns).

juan097 the Acrobat (Merfolk Gladiator)            Turns: 66583, Time: 04:02:04

Health: 214/238    AC: 25    Str: 26 (27) XL:     27
Magic:  36/36      EV: 47    Int:  4 (5)  God:    the Shining One [******]
Gold:   5339       SH:  0    Dex: 31      Spells: 31/34 levels left

rFire   + + .        w - +9 bardiche (holy)
rCold   . . .        (shield currently unavailable)
rNeg    + + +        V - +5 faerie dragon scales {+Inv rCorr Str+3 SInv}
rPois   +            c - +2 helmet
rElec   +            U - +2 ratskin cloak {*Rats rPois rN+ Str-1 Int-1 Dex+1}
rCorr   +            N - +2 pair of gloves of Zirch {Rampage Regen+}
SInv    +            E - +2 pair of boots "Miyzyfubb" {rF++}
Will    +++++        o - amulet of Uchuam {RegenMP Will+ Str+3 Int+3}
Stlth   +            p - ring of Bontucel {rN++ Will+ rCorr EV+5 Int-5 Dex+3}
HPRegen 1.39/turn    A - ring "Nodapp" {rElec Will+ Str+6, =R}
MPRegen 0.65/turn

%: rampage
@: glowing, studying Stealth
A: (nimble swimmer 2), mertail, deformed body, deterioration 2, strong-willed 1,
mutation resistance 1, teleportitis 1, MP-powered wands
0: Orb of Zot
}: 3/15 runes: decaying, slimy, gossamer
a: Renounce Religion, Evoke Invisibility, Divine Shield, Cleansing Flame, Summon
Divine Warrior


You escaped.
You worshipped the Shining One.
The Shining One was exalted by your worship.
You visited 11 branches of the dungeon, and saw 52 of its levels.
You also visited: Trove, Gauntlet and Wizlab.

You collected 8629 gold pieces.
You spent 3290 gold pieces at shops.

Inventory:

Hand Weapons
 a - the +5 bardiche of Pestilence {flame, rC+ Dex+4}
   (You found it in a treasure trove)

   Dex+4:     It affects your dexterity (+4).
   rC+:       It protects you from cold.
 b - the +3 triple crossbow "Qistrupe" {flame, rF+ rN+ Int+7}
   (You found it in a treasure trove)

   Int+7:     It affects your intelligence (+7).
   rF+:       It protects you from fire.
   rN+:       It protects you from negative energy.
 w - a +9 bardiche of holy wrath (weapon)
 H - a +5 antimagic halberd
Missiles
 d - 13 curare-tipped darts (quivered)
 e - 20 javelins
 h - a throwing net
 u - 12 datura-tipped darts
 F - 3 silver javelins
Armour
 c - a +2 helmet (worn)
 E - the +2 pair of boots "Miyzyfubb" (worn) {rF++}
   (You found it on level 3 of the Depths)

   rF++:      It greatly protects you from fire.
 N - the +2 pair of gloves of Zirch (worn) {Rampage Regen+}
   (You bought it in a shop on level 2 of the Orcish Mines)

   Regen+:    It increases your rate of health regeneration.
   Rampage:   It bestows one free step when moving towards enemies.
 U - the +2 ratskin cloak (worn) {*Rats rPois rN+ Str-1 Int-1 Dex+1}
   (You found it on level 10 of the Dungeon)

   *Rats:     When the wearer is hurt, rats may emerge from it to assist them.
   Str-1:     It affects your strength (-1).
   Int-1:     It affects your intelligence (-1).
   Dex+1:     It affects your dexterity (+1).
   rPois:     It protects you from poison rN+: It protects you from negative
   energy.
 V - the +5 faerie dragon scales (worn) {+Inv rCorr Str+3 SInv}
   (You took it off the Enchantress on level 3 of the Depths)

   Str+3:     It affects your strength (+3).
   SInv:      It lets you see invisible.
   +Inv:      It lets you turn invisible.
   rCorr:     It protects you from acid and corrosion.
Jewellery
 f - a +4 ring of slaying
 g - a ring of protection from cold
 o - the amulet of Uchuam (around neck) {RegenMP Will+ Str+3 Int+3}
   (You found it in a Gauntlet)

   [amulet of magic regeneration]

   RegenMP:   It increases your rate of magic regeneration.
   Str+3:     It affects your strength (+3).
   Int+3:     It affects your intelligence (+3).
   Will+:     It increases your willpower.
 p - the ring of Bontucel (left hand) {rN++ Will+ rCorr EV+5 Int-5 Dex+3}
   (You found it on level 3 of the Crypt)

   [ring of evasion]

   EV+5:      It affects your evasion (+5).
   Int-5:     It affects your intelligence (-5).
   Dex+3:     It affects your dexterity (+3).
   rN++:      It greatly protects you from negative energy.
   Will+:     It increases your willpower.
   rCorr:     It protects you from acid and corrosion.
 A - the ring "Nodapp" (right hand) {rElec Will+ Str+6, =R}
   (You found it on level 3 of the Depths)

   [ring of strength]

   Str+6:     It affects your strength (+6).
   rElec:     It insulates you from electricity.
   Will+:     It increases your willpower.
 G - the amulet "Vaiph" {Regen+ Str+2}
   (You found it on level 5 of the Pits of Slime)

   [amulet of regeneration]

   Str+2:     It affects your strength (+2).
   Regen+:    It increases your rate of health regeneration.
 X - the ring "Licsuss" {rPois rF+ rN++ Dex+6}
   (You found it on level 3 of the Crypt)

   [ring of dexterity]

   Dex+6:     It affects your dexterity (+6).
   rF+:       It protects you from fire.
   rPois:     It protects you from poison rN++: It greatly protects you from
   negative energy.
Wands
 n - a wand of iceblast (42)
 v - a wand of acid (7)
 L - a wand of digging (15)
Scrolls
 j - 3 scrolls of silence
 l - 2 scrolls of butterflies
 q - 9 scrolls of fog
 y - 9 scrolls of teleportation
 z - 4 scrolls of blinking
 B - 5 scrolls of revelation
 C - 2 scrolls of enchant weapon
 K - 7 scrolls of fear
 M - 3 scrolls of poison
 P - a scroll of immolation
 Q - 3 scrolls of enchant armour
 Y - 2 scrolls of brand weapon
Potions
 i - 4 potions of resistance
 k - 7 potions of magic
 m - 8 potions of heal wounds
 s - 4 potions of mutation
 t - 7 potions of attraction
 x - 2 potions of berserk rage
 D - 25 potions of curing
 O - 7 potions of haste
 R - 9 potions of ambrosia
 T - 4 potions of might
 Z - 4 potions of enlightenment
Miscellaneous
 r - a phantom mirror
 I - a lightning rod (4/4)
 S - a sack of spiders
 W - a phial of floods


   Skills:
 - Level 24.0 Fighting
 - Level 24.0 Polearms
 + Level 18.2 Ranged Weapons
 - Level 10.0 Throwing
 - Level 11.0 Armour
 + Level 26.4 Dodging
 - Level 10.0 Stealth
 - Level 4.0 Spellcasting
 - Level 8.0 Translocations
 + Level 19.4 Invocations
 + Level 17.4 Evocations


You had 31 spell levels left.
You knew the following spells:

 Your Spells              Type           Power      Damage    Failure   Level
a - Apportation           Tloc           14%        N/A       1%          1
b - Blink                 Tloc           14%        N/A       2%          2

Your spell library contained the following spells:

 Spells                   Type           Power      Damage    Failure   Level
 Lesser Beckoning         Tloc           14%        N/A       2%          2
 Gell's Gravitas          Tloc           7%         N/A       4%          3
 Teleport Other           Tloc           7%         N/A       4%          3
 Momentum Strike          Conj/Tloc      8%         3d8       13%         2
 Manifold Assault         Tloc           7%         N/A       16%         4
 Passage of Golubria      Tloc           7%         N/A       16%         4
 Freeze                   Ice            0%         1d3       41%         1
 Kiss of Death            Conj/Necr      0%         2d5       41%         1
 Magic Dart               Conj           0%         1d3       41%         1
 Necrotise                Necr           0%         1d4       41%         1
 Sandblast                Erth           0%         2d4       41%         1
 Shock                    Conj/Air       0%         1d3       41%         1
 Slow                     Hex            0%         N/A       41%         1
 Sting                    Conj/Alch      0%         1d3       41%         1
 Summon Small Mammal      Summ           0%         N/A       41%         1
 Ensorcelled Hibernation  Hex/Ice        0%         N/A       54%         2
 Scorch                   Fire           0%         2d5       54%         2
 Searing Ray              Conj           0%         2d4       54%         2
 Static Discharge         Conj/Air       0%         3-3/arc   54%         2
 Call Canine Familiar     Summ           0%         N/A       78%         3
 Confusing Touch          Hex            0%         N/A       78%         3
 Dazzling Flash           Conj/Hex       0%         N/A       78%         3
 Frozen Ramparts          Ice            0%         1d1       78%         3
 Hailstorm                Conj/Ice       0%         3d5       78%         3
 Inner Flame              Hex/Fire       0%         N/A       78%         3
 Passwall                 Erth           0%         N/A       78%         3
 Sigil of Binding         Hex            0%         N/A       78%         3
 Stone Arrow              Conj/Erth      0%         3d7       78%         3
 Summon Ice Beast         Ice/Summ       0%         N/A       78%         3
 Swiftness                Air            0%         N/A       78%         3
 Tukima's Dance           Hex            0%         N/A       78%         3
 Vampiric Draining        Necr           0%         2d6       78%         3
 Dispersal                Tloc           3%         N/A       94%         6
 Airstrike                Air            0%         2d(0-16)  99%         4
 Anguish                  Hex/Necr       0%         N/A       99%         4
 Animate Armour           Summ/Erth      0%         N/A       99%         4
 Brom's Barrelling Bould  Conj/Erth      0%         2d3       99%         4
 Cause Fear               Hex            0%         N/A       99%         4
 Dispel Undead            Necr           0%         3d6       99%         4
 Flame Wave               Conj/Fire      0%         2d4       99%         4
 Fulminant Prism          Conj/Alch      0%         3d5       99%         4
 Ignite Poison            Fire/Alch      0%         N/A       99%         4
 Leda's Liquefaction      Alch/Erth      0%         N/A       99%         4
 Martyr's Knell           Necr/Summ      0%         N/A       99%         4
 Olgreb's Toxic Radiance  Alch           0%         N/A       99%         4
 Petrify                  Alch/Erth      0%         N/A       99%         4
 Sticky Flame             Fire/Alch      0%         2d4       99%         4
 Summon Blazeheart Golem  Fire/Summ      0%         N/A       99%         4
 Summon Lightning Spire   Summ/Air       0%         N/A       99%         4
 Alistair's Intoxication  Alch           0%         N/A       100%        5
 Borgnjor's Vile Clutch   Necr/Erth      0%         N/A       100%        5
 Curse of Agony           Necr           0%         N/A       100%        5
 Freezing Cloud           Conj/Ice/Air   0%         6-21      100%        5
 Irradiate                Conj/Alch      0%         3d11      100%        5
 Metabolic Englaciation   Hex/Ice        0%         N/A       100%        5
 Silence                  Hex/Air        0%         N/A       100%        5
 Summon Mana Viper        Hex/Summ       0%         N/A       100%        5
 Death Channel            Necr           0%         N/A       100%        6
 Eringya's Noxious Bog    Alch           0%         4d6       100%        6
 Summon Cactus Giant      Summ           0%         N/A       100%        6
 Enfeeble                 Hex            0%         N/A       100%        7
 Monstrous Menagerie      Summ           0%         N/A       100%        7
 Orb of Destruction       Conj           0%         9d5       100%        7
 Ozocubu's Refrigeration  Ice            0%         4d7       100%        7
 Spellforged Servitor     Conj/Summ      0%         N/A       100%        7
 Borgnjor's Revivificati  Necr           0%         N/A       100%        8
 Discord                  Hex            0%         N/A       100%        8
 Disjunction              Tloc           3%         N/A       100%        8
 Ignition                 Fire           0%         3d3       100%        8
 Lehudib's Crystal Spear  Conj/Erth      0%         10d2      100%        8


Dungeon Overview and Level Annotations

Branches:
Dungeon (15/15)            Temple (1/1) D:7            Lair (5/5) D:10
  Swamp (4/4) Lair:3       Spider (4/4) Lair:3        Slime (5/5) Lair:5
    Orc (2/2) D:12            Elf (0/3) Orc:2        Vaults (4/5) D:13
  Crypt (3/3) Vaults:3       Tomb (0/3) Crypt:3      Depths (4/4) D:15
    Zot (5/5) Depths:4     WizLab (visited)         Gauntlet (visited)

Altars:
Ashenzari
Cheibriados
Dithmenos
Elyvilon
Fedhas
Gozag
Hepliaklqana
Kikubaaqudgha
Makhleb
Nemelex Xobeh
Okawaru
Qazlal
Ru
Sif Muna
Trog
Uskayaw
Vehumet
Wu Jian
Xom
Yredelemnul
Zin
The Shining One
Beogh
Jiyva
Lugonu

Shops:
D:10 ?   D:13 (   Orc:2 [[(:   Vaults:1 :   Vaults:3 (*   Vaults:4 !
Crypt:2 *   Depths:1 [   Depths:2 ?

Portals:
Hell: Depths:1 Depths:2 Depths:3 Depths:4
Abyss: D:12 Depths:1 Depths:3
Pandemonium: Depths:1 Depths:2 Depths:4
Ziggurat: Depths:4

Annotations:
D:9 3 runed translucent doors, ezpacito's ghost, novice CoCK
Depths:1 2 transporters, osuadh's ghost, adept MDFi
Zot:2 6 transporters, Ujuizeuc's ghost, adept MiFi


Innate Abilities, Weirdness & Mutations

((You are very nimble when in or above water. (Stealth+, EV+, Speed+++)))
Your lower body shifts to a powerful aquatic tail in water.
Armour fits poorly on your strangely shaped body.
Your body often deteriorates upon taking damage.
You are strong-willed. (Will+)
You are somewhat resistant to further mutation.
You are occasionally teleported next to monsters.
You expend magic power (3 MP) to strengthen your wands.


Message History

No target in view!
What level of the Dungeon? (default 1, ? - help)
You swap places.
Things that are here:
a +0 scale mail; a +0 short sword An Orb Guardian comes into view.
You reach to attack!
You slice the Orb Guardian like a ripe choko!!!
The Orb Guardian is heavily wounded.
You reach to attack!
You slash the Orb Guardian!
The Orb Guardian is severely wounded.
You reach to attack!
You barely miss the Orb Guardian.
The Orb Guardian is severely wounded.
You closely miss the Orb Guardian.
The Orb Guardian is severely wounded.
The Orb Guardian hits you!!
You hit the Orb Guardian.
The Orb Guardian is severely wounded.
You slice the Orb Guardian!!
You kill the Orb Guardian!
No target in view!
No target in view!
No target in view!
What level of the Dungeon? (default 1, ? - help)
Your river rat returns to the shadows of the Dungeon!
Your extra speed is starting to run out.
There is a stone staircase leading up here.
You climb upwards.
There is a stone staircase leading down here.
You feel a little less mighty now.
You feel yourself slow down.
There is a stone staircase leading up here.
You climb upwards.
There is a stone staircase leading down here.
Your legs become a tail as you enter the water.
The +2 pair of boots "Miyzyfubb" {rF++} melds into your body.
An Orb Guardian comes into view.
The +2 pair of boots "Miyzyfubb" {rF++} unmelds from your body.
There is a staircase leading out of the dungeon here.
You have escaped!

###.....♣.............♣.....##
##....♣♣♣~♣....PP.....♣~♣♣♣..#
.....♣...♣~♣..PPPP...♣~♣...♣.####
##.#♣.....♣~♣PPPPPPP♣~♣.....♣....
#.#♣......♣~♣PPPPP♣~♣......♣####
#.#♣......P♣~♣PPP♣X♣P......♣####
#.#♣.....PPP♣~♣♣♣~♣PPP.....♣....
#.#.♣...PPPPP♣~~~♣PPPPP...♣.###.
#.#..♣..PPPPP♣~@~♣PPPPP..♣..# #.
#...♣....PPPP♣~~~♣PPPP....♣.# #.
###♣......PP♣~♣♣♣~♣PP......♣# #.
♣......P♣~♣PPP♣~♣P......♣ ##.
♣......♣~♣PPPPP♣~♣......♣ #..
♣.....♣~♣PPPPPPP♣~♣.....♣ #.#
#♣...♣~♣...PPPP..♣~♣...♣# #.#
#♣♣♣~♣.....PP....♣~♣♣♣# #.#
#########♣.............♣# #.#


You could see an Orb Guardian.

Vanquished Creatures
  the Royal Jelly (Slime:5)
  5 dread liches
  Khufu (Crypt:2)
  An ancient lich (Zot:1)
  5 orbs of fire (Zot:5)
  Mara (Swamp:3)
  2 juggernauts
  Mennas (Depths:4)
  A royal mummy (Crypt:2)
  Bai Suzhen (Vaults:2)
  5 Killer Klowns (Zot:5)
  Vv (Depths:4)
  Margery (Vaults:4)
  A caustic shrike (Depths:4)
  The ghost of Dome the Black Belt, a veteran DsSu of Jiyva (Crypt:2)
  2 curse toes
  9 golden dragons
  A Hellbinder (WizLab)
  the Enchantress (Depths:3)
  A bone dragon (Crypt:3)
  A Brimstone Fiend (D:5)
  4 electric golems
  2 Tzitzimimeh (D:5)
  A hellephant (Vaults:4)
  Jorgrun (Orc:1)
  An iron giant (Zot:1)
  5 walking crystal tomes
  An Ice Fiend (Depths:4)
  Zenata (Vaults:3)
  31 Orb Guardians
  10 tentacled monstrosities
  8 liches
  A titan (Depths:2)
  A walking divine tome (Depths:4)
  Asterion (Vaults:3)
  11 quicksilver dragons
  A walking earthen tome (Depths:4)
  3 pandemonium lords
  15 acid blobs
  A walking frostbound tome (Depths:4)
  6 sphinxes
  An Executioner (Depths:4)
  Gastronok (D:9)
  5 thorn hunters
  2 ancient champions
  13 death cobs
  7 shadow dragons
  3 tengu reavers
  Roxanne (Spider:1)
  16 storm dragons
  6 protean progenitors
  7 rockslimes
  6 draconian knights
  5 fenstrider witches (Swamp:4)
  6 draconian monks
  8 frost giants
  8 fire giants
  10 azure jellies
  9 draconian shifters
  13 ghost moths
  6 emperor scorpions
  The ghost of Boorch the Arsonist, an adept HuFE of Nemelex Xobeh (Spider:3)
  A caustic shrike zombie (Crypt:3)
  3 balrugs
  7 vault wardens
  An orc warlord (Vaults:3)
  9 draconian scorchers
  The ghost of lotum the Fencer, a journeyman CoGl of Xom (Swamp:1)
  4 deep elf sorcerers
  11 draconian stormcallers
  2 curse skulls
  3 reapers
  7 draconian annihilators
  11 ironbound preservers
  2 ghouls
  14 very ugly things
  2 formless jellyfish
  A demonspawn corrupter (Zot:5)
  Nessos (Lair:5)
  7 spriggan defenders
  18 stone giants
  10 quicksilver oozes
  2 broodmothers (Spider:3)
  9 eleionomae
  5 ironbound thunderhulks
  A demonspawn black sun (Zot:5)
  2 deep elf demonologists (Depths:3)
  8 purple draconians
  3 green draconians
  6 vampire knights
  A lorocyproca (WizLab)
  14 black draconians
  4 deep elf death magi
  A deep elf annihilator (Depths:3)
  9 war gargoyles
  13 red draconians
  4 dire elephants
  10 spark wasps
  12 bunyips
  8 white draconians
  3 eidola
  10 ettins
  8 yellow draconians
  4 blizzard demons
  A green death (WizLab)
  11 yaktaur captains
  A vault guard (D:13)
  4 entropy weavers
  13 fire dragons
  9 crystal guardians
  5 jiangshi
  A shambling mangrove (Swamp:3)
  6 hell beasts
  A deep elf high priest (Vaults:1)
  18 great orbs of eyes
  2 quicksilver dragon skeletons (Crypt:3)
  3 rakshasas
  7 peacekeepers
  A spriggan zombie (Crypt:3)
  8 hydras
  17 ice dragons
  11 ironbound frosthearts
  6 catoblepae
  12 spriggan air magi
  A spriggan skeleton (Depths:3)
  2 sphinx zombies (Vaults:2)
  11 alligators
  4 ogre magi
  11 boulder beetles
  2 radroaches
  4 two-headed ogres
  Erica (Lair:1)
  A centaur warrior (Vaults:1)
  2 ghost crabs (Swamp:2)
  3 jorogumos
  9 dancing weapons
  A fenstrider witch skeleton (Crypt:3)
  An Orb Guardian skeleton (Crypt:1)
  4 death knights
  8 death yaks
  13 deep troll shamans
  3 titan zombies
  4 tengu warriors
  11 deep troll earth magi
  9 vampire magi
  6 demonic crawlers
  2 orc high priests (Orc:2)
  4 hell hogs (D:9)
  5 spriggan berserkers
  4 occultists
  2 sun demons (WizLab)
  12 soul eaters
  An emperor scorpion zombie (Crypt:3)
  24 hell knights
  A shadow wraith (Crypt:2)
  8 pharaoh ants
  7 iron trolls
  4 skysharks
  7 sixfirhies
  61 deep trolls
  A glowing orange brain (shapeshifter) (Vaults:2)
  An anaconda zombie (Crypt:1)
  7 orb spiders
  17 skeletal warriors
  2 death drakes
  An iron giant zombie (Crypt:1)
  5 glowing orange brains
  2 shadow demons (WizLab)
  6 arcanists
  7 spriggan druids
  Lodul (D:11)
  4 swamp dragons
  A large abomination (D:14)
  5 goliath frogs
  A mana viper (shapeshifter) (Depths:4)
  17 lindwurms
  9 bog bodies
  4 flayed ghosts
  4 steelbarb worms
  6 phantasmal warriors
  6 orc knights
  An obsidian statue (Crypt:2)
  9 necromancers
  6 ironbound convokers
  A shadow dragon zombie (Crypt:3)
  5 deep elf pyromancers
  2 deep elf zephyrmancers
  45 ugly things
  A faun (shapeshifter) (Depths:4)
  16 wolf spiders
  5 harpies (Vaults:2)
  An oklob plant (Gauntlet)
  2 cyclopes
  4 orc sorcerers
  24 moths of wrath
  6 manticores
  3 shining eyes
  7 will-o-the-wisps
  19 elephants
  6 meliai
  2 eyes of devastation
  5 kobold blastminers
  A centaur zombie (Crypt:3)
  6 black mambas
  10 vault sentinels
  6 orange demons
  2 rust devils (WizLab)
  2 smoke demons
  6 gargoyles
  4 torpor snails
  15 cane toads
  Jeremiah (D:9)
  A hellion (WizLab)
  A frost giant skeleton (Depths:3)
  3 unseen horrors (D:12)
  12 komodo dragons
  31 yaktaurs
  2 ice devils
  9 kobold demonologists
  5 rime drakes
  3 tormentors
  9 freezing wraiths
  6 tengu conjurers
  A mana viper skeleton (Crypt:1)
  3 red devils
  A harpy zombie (Crypt:3)
  5 hellwings
  A queen bee (D:14)
  4 trolls
  A bloated husk (Swamp:1)
  A silent spectre (Depths:3)
  7 glass eyes
  3 polar bears
  7 tyrant leeches
  26 tarantellas
  13 hornets
  A hydra skeleton (Crypt:2)
  A tarantella zombie (Crypt:1)
  16 blink frogs
  A guardian serpent skeleton (Crypt:1)
  A centaur simulacrum (D:15)
  31 jumping spiders
  Sigmund (D:5)
  An ettin skeleton (Vaults:2)
  71 slime creatures
  A wind drake zombie (Crypt:2)
  6 vampires
  12 spriggans
  71 yaks
  A yak (shapeshifter) (D:14)
  18 culicivoras
  5 water elementals (Depths:3)
  10 wraiths
  3 shadows
  A ynoxinul (D:5)
  An elf simulacrum (Vaults:2)
  4 golden eyes
  A human (D:13)
  4 wargs
  3 wyverns
  47 redbacks
  2 steam dragons (D:5)
  A redback (shapeshifter) (D:15)
  5 basilisks
  7 chaos spawn
  14 vampire mosquitoes
  A naga zombie (Crypt:3)
  A two-headed ogre zombie (Crypt:2)
  Duvessa (D:4)
  14 swamp worms
  5 acid dragons
  12 water moccasins
  A demonspawn skeleton (Crypt:2)
  2 swamp drakes
  4 sky beasts
  An ettin simulacrum (Vaults:2)
  27 laughing skulls
  32 orc warriors
  2 ice beasts
  3 black bears
  15 ogres
  A swamp dragon skeleton (Crypt:1)
  13 wolves
  4 centaurs
  A phantom (D:4)
  5 kobold brigands
  An elf zombie (Crypt:1)
  4 gnoll sergeants
  14 bullfrogs
  5 scorpions
  A warg zombie (Crypt:1)
  A wight (D:9)
  Dowan (D:4)
  27 killer bees
  6 howler monkeys
  2 hounds (D:6)
  A bombardier beetle (D:3)
  12 jellies
  23 orc priests
  A scrub nettle (Lair:1)
  A sleepcap (D:6)
  A gnoll bouda (D:7)
  2 iguanas
  Natasha (thrice) (D:4)
  27 orc wizards
  A boggart skeleton (Crypt:2)
  A statue (D:15)
  2 mummies
  16 gnolls
  12 adders
  3 shadow imps
  A steam dragon skeleton (Crypt:2)
  A white imp (D:5)
  2 ufetubi (D:6)
  2 dart slugs
  3 ribbon worms (D:2)
  83 orcs
  7 ball pythons
  12 bats
  A bat zombie (Crypt:2)
  6 endoplasms
  5 giant cockroaches
  11 goblins
  10 hobgoblins
  7 jackals
  14 kobolds
  2 quokkas (D:3)
  3 frilled lizards
  A giant cockroach zombie (Crypt:1)
  A goblin skeleton (Crypt:2)
  An orc zombie (Crypt:1)
  8 rats
  An aspiring flesh (Zot:2)
2245 creatures vanquished.

Vanquished Creatures (collateral kills)
  Sojobo (Vaults:4)
  A tentacled monstrosity (Zot:4)
  A tengu reaver (Vaults:4)
  A storm dragon (Zot:4)
  A draconian knight (Zot:4)
  Louise (Spider:3)
  2 draconian shifters (Zot:5)
  A ghost moth (Spider:4)
  A cacodemon (Zot:4)
  An orc warlord (Orc:2)
  A yellow draconian (Zot:5)
  2 green draconians
  2 purple draconians (Zot:4)
  A minotaur (Gauntlet)
  A fire dragon (Depths:2)
  A hydra (Swamp:1)
  A deep elf high priest (Vaults:2)
  An orc high priest (Orc:2)
  A deep troll (Vaults:2)
  An orb spider (Spider:3)
  A bog body (Swamp:2)
  2 orc sorcerers (Orc:2)
  A shining eye (Slime:1)
  A moth of wrath (Zot:4)
  A torpor snail (D:10)
  A vault sentinel (Vaults:4)
  A yaktaur (Vaults:4)
  A polar bear (D:10)
  A tyrant leech (Swamp:3)
  A tarantella (Spider:3)
  A blink frog (Lair:1)
  A jumping spider (Spider:4)
  A yak (Lair:1)
  3 wargs
  2 redbacks
  A swamp worm (Swamp:1)
  3 orc warriors (Orc:2)
  2 orc priests (Orc:2)
  An orc wizard (Orc:2)
  7 orcs
56 creatures vanquished.

Vanquished Creatures (others)
  A draconian scorcher (Zot:2)
  A very ugly thing (Depths:4)
  A purple draconian (Zot:5)
  A yellow draconian (Zot:5)
  A bunyip (Swamp:2)
  A white draconian (Zot:4)
  A spark wasp (Depths:4)
  A hydra (Swamp:2)
  A pharaoh ant (Spider:1)
  An iron troll (Depths:1)
  A tengu conjurer (Depths:3)
  A bloated husk (Swamp:3)
  A jumping spider (Spider:3)
  A human (Depths:3)
  A golden eye (Slime:1)
  An orc priest (Orc:2)
  36 foxfires
52 creatures vanquished.

Grand Total: 2353 creatures vanquished

Notes
Turn   | Place    | Note
-------+----------+-------------------------------------------
     0 | D:1      | juan097 the Merfolk Gladiator began the quest for the Orb.
     0 | D:1      | Reached XP level 1. HP: 16/16 MP: 1/1
   168 | D:1      | Reached XP level 2. HP: 23/23 MP: 2/2
   227 | D:1      | Found a faded altar of an unknown god.
   236 | D:1      | Prayed at the altar of an unknown god.
   236 | D:1      | Became a worshipper of the Shining One
   236 | D:1      | Reached * piety under the Shining One
   366 | D:1      | Reached skill level 1 in Stealth
   731 | D:2      | Reached XP level 3. HP: 20/28 MP: 3/3
  1087 | D:2      | Reached skill level 1 in Invocations
  1087 | D:2      | Reached XP level 4. HP: 29/34 MP: 4/4
  1485 | D:2      | Reached ** piety under the Shining One
  1729 | D:2      | Reached XP level 5. HP: 40/41 MP: 6/6
  1733 | D:2      | Reached skill level 5 in Polearms
  1913 | D:3      | Identified the +4 flail of Recof {freeze, Str+5}
  2046 | D:3      | Found an ornate altar of the Wu Jian Council.
  2643 | D:4      | Found a broken altar of Ashenzari.
  2644 | D:4      | Noticed Natasha
  2648 | D:4      | Noticed a phantom
  2652 | D:4      | Killed Natasha
  2653 | D:4      | Reached XP level 6. HP: 46/47 MP: 7/7
  2692 | D:4      | Noticed Natasha
  2701 | D:4      | Killed Natasha
  2725 | D:4      | Found a shimmering blue altar of Sif Muna.
  2932 | D:4      | Noticed Natasha
  2936 | D:4      | Reached XP level 7. HP: 53/53 MP: 9/9
  2938 | D:4      | Killed Natasha
  2941 | D:4      | Noticed Dowan
  2941 | D:4      | Reached *** piety under the Shining One
  3080 | D:4      | Noticed Duvessa
  3101 | D:4      | Killed Duvessa
  3102 | D:4      | Killed Dowan
  3687 | D:5      | Entered Level 5 of the Dungeon
  3764 | D:5      | Reached XP level 8. HP: 31/60 MP: 11/11
  3877 | D:5      | Reached skill level 1 in Armour
  4171 | D:5      | Reached skill level 5 in Dodging
  4334 | D:5      | Reached skill level 6 in Dodging
  4580 | D:5      | Noticed Sigmund
  4764 | D:5      | Reached skill level 1 in Ranged Weapons
  4843 | D:6      | Found a basalt altar of Yredelemnul.
  4964 | D:6      | Reached skill level 1 in Evocations
  5164 | D:6      | Reached XP level 9. HP: 66/66 MP: 12/12
  5835 | D:7      | Found a burning altar of Makhleb.
  6151 | D:7      | Reached skill level 5 in Stealth
  6290 | D:7      | Reached skill level 5 in Fighting
  6290 | D:7      | Reached skill level 7 in Dodging
  6290 | D:7      | Reached skill level 5 in Invocations
  6594 | D:7      | Found a staircase to the Ecumenical Temple.
  6747 | Temple   | Entered the Ecumenical Temple
  6853 | D:8      | Found an ancient bone altar of Kikubaaqudgha.
  6880 | D:8      | Reached **** piety under the Shining One
  7160 | D:8      | Noticed a gargoyle
  7182 | D:8      | Reached skill level 5 in Throwing
  7183 | D:8      | Killed a gargoyle
  7481 | D:8      | Reached XP level 10. HP: 74/74 MP: 14/14
  8007 | D:9      | Noticed a cyclops
  8125 | D:9      | Killed a cyclops
  8235 | D:9      | Found a glowing golden altar of the Shining One.
  8285 | D:9      | Found a sacrificial altar of Ru.
  8561 | D:9      | Reached skill level 8 in Dodging
  8723 | D:9      | Noticed Gastronok
  8734 | D:9      | Killed Gastronok
  8735 | D:9      | Reached skill level 10 in Polearms
  9130 | D:9      | Reached XP level 11. HP: 36/83 MP: 15/15
  9317 | D:9      | Noticed a deep elf pyromancer
  9505 | D:9      | Reached ***** piety under the Shining One
  9522 | D:9      | Noticed Jeremiah
  9563 | D:9      | Killed Jeremiah
  9564 | D:9      | Reached skill level 9 in Dodging
  9787 | D:9      | Noticed ezpacito's ghost (novice CoCK)
  9791 | D:9      | Found a runed translucent gate.
  9791 | D:9      | Found a runed translucent gate.
  9791 | D:9      | Found a runed translucent gate.
  9791 | D:9      | Noticed a red ugly thing
 10239 | D:9      | Noticed a deep elf pyromancer
 10252 | D:9      | Killed a deep elf pyromancer
 10358 | D:9      | Killed a deep elf pyromancer
 10547 | D:10     | Entered Level 10 of the Dungeon
 10607 | D:10     | Found a blossoming altar of Fedhas.
 10797 | D:10     | Reached skill level 10 in Dodging
 10965 | D:10     | Found a shadowy altar of Dithmenos.
 10984 | D:10     | Found a hide-covered altar of Uskayaw.
 11247 | D:10     | Found the +2 ratskin cloak {*Rats rPois rN+ Str-1 Int-1
                  | Dex+1}
 11247 | D:10     | Noticed a two-headed ogre
 11315 | D:10     | Killed a two-headed ogre
 11615 | D:10     | Found Onaq's Magic Scroll Shoppe.
 11626 | D:10     | Bought a scroll of fear for 60 gold pieces
 11626 | D:10     | Bought a scroll of teleportation for 45 gold pieces
 11626 | D:10     | Bought a scroll of poison for 60 gold pieces
 11626 | D:10     | Bought a scroll of identify for 30 gold pieces
 11626 | D:10     | Bought a scroll of identify for 30 gold pieces
 11769 | D:10     | Found a staircase to the Lair.
 12153 | Lair:1   | Entered Level 1 of the Lair of Beasts
 12153 | Lair:1   | Noticed Erica
 12160 | Lair:1   | Killed Erica
 12161 | Lair:1   | Reached XP level 12. HP: 88/92 MP: 18/18
 12552 | Lair:1   | Reached skill level 11 in Dodging
 12830 | Lair:1   | Reached skill level 12 in Dodging
 13496 | Lair:1   | Reached skill level 13 in Dodging
 13774 | Lair:1   | Reached skill level 10 in Fighting
 13774 | Lair:1   | Reached skill level 14 in Dodging
 14437 | Lair:2   | Identified the +5 trident of Sloth {freeze, Str+4}
 15069 | Lair:2   | Reached XP level 13. HP: 103/108 MP: 19/19
 15788 | Lair:3   | Reached skill level 5 in Evocations
 15804 | Lair:3   | Reached skill level 15 in Dodging
 15921 | Lair:3   | Found a hole to the Spider Nest.
 15995 | Lair:3   | Found a staircase to the Swamp.
 16848 | Lair:4   | Reached skill level 16 in Dodging
 17033 | Lair:4   | Identified the +0 robe of Knowledge {rPois rF- rN+ Slay+3}
 17831 | D:11     | Noticed Lodul
 17831 | D:11     | Reached ****** piety under the Shining One
 17877 | D:11     | Killed Lodul
 17878 | D:11     | Reached XP level 14. HP: 99/118 MP: 21/21
 18660 | D:12     | Reached skill level 10 in Invocations
 18776 | D:12     | Found a one-way gate to the infinite horrors of the Abyss.
 18776 | D:12     | Identified the +1 dagger "Ririmofi" {distort, +Blink rPois
                  | Str-5 Dex+4}
 19148 | D:12     | Found a staircase to the Orcish Mines.
 19806 | Orc:1    | Entered Level 1 of the Orcish Mines
 20015 | D:12     | Found a large runed translucent door.
 20025 | D:12     | Found a large runed translucent door.
 20027 | D:12     | Found a corrupted altar of Lugonu.
 20069 | D:12     | Reached skill level 5 in Armour
 20423 | Orc:1    | Noticed Jorgrun
 20440 | Orc:1    | Killed Jorgrun
 20681 | Orc:2    | Entered Level 2 of the Orcish Mines
 20815 | Orc:2    | Found a roughly hewn altar of Beogh.
 22102 | Orc:2    | Found a roughly hewn altar of Beogh.
 22244 | Orc:2    | Found a roughly hewn altar of Beogh.
 22359 | Orc:2    | Noticed an orc warlord
 22372 | Orc:2    | Killed an orc warlord
 22407 | Orc:2    | Found Maeto's Antique Weapon Shoppe.
 22408 | Orc:2    | Found a roughly hewn altar of Beogh.
 22411 | Orc:2    | Found Cavu's Antique Armour Emporium.
 22526 | Orc:2    | Found a roughly hewn altar of Beogh.
 22587 | Orc:2    | Found Homa's Book Boutique.
 22654 | Orc:2    | Found a roughly hewn altar of Beogh.
 22696 | Orc:2    | Found a staircase to the Elven Halls.
 22923 | Orc:2    | Found Nupt's Armour Boutique.
 22991 | Orc:1    | Found a roughly hewn altar of Beogh.
 23509 | Lair:5   | Entered Level 5 of the Lair of Beasts
 23509 | Lair:5   | Found a gate leading to a gauntlet.
 23519 | Lair:5   | Noticed Nessos
 23545 | Lair:5   | Killed Nessos
 23546 | Lair:5   | Reached XP level 15. HP: 63/126 MP: 24/24
 23739 | Lair:5   | Upgraded the game from 0.32-a0-485-g70f7560b1c to
                  | 0.32-a0-520-g344ed53f66
 23745 | Gauntlet | Entered a Gauntlet
 23745 | Gauntlet | Found a transporter.
 23745 | Gauntlet | Found a transporter.
 23764 | Gauntlet | Found a transporter.
 23777 | Gauntlet | Found a transporter.
 23777 | Gauntlet | Found a transporter.
 23779 | Gauntlet | Found a transporter.
 23779 | Gauntlet | Found a transporter.
 23780 | Gauntlet | Found a transporter.
 23792 | Gauntlet | Found a transporter.
 23807 | Gauntlet | Found a transporter.
 23810 | Gauntlet | Noticed a balrug
 23815 | Gauntlet | Found a runed translucent door.
 23817 | Gauntlet | Found a transporter.
 23819 | Gauntlet | Found a runed translucent door.
 23831 | Gauntlet | Found a transporter.
 23852 | Gauntlet | Found a transporter.
 23864 | Gauntlet | Found a transporter.
 23889 | Gauntlet | Identified 3 scrolls of acquirement
 23967 | Gauntlet | Reached skill level 17 in Dodging
 23970 | Gauntlet | Identified the amulet of Uchuam {RegenMP Will+ Str+3 Int+3}
 24150 | Gauntlet | Identified the +6 lajatang of the Gazing Badger {flame,
                  | rElec rPois}
 24158 | Gauntlet | Reached skill level 18 in Dodging
 24266 | Gauntlet | Identified the +6 war axe "Nuuh" {freeze, Int+2 Dex+4}
 24621 | Lair:5   | Reached skill level 19 in Dodging
 24846 | Lair:5   | Reached skill level 5 in Ranged Weapons
 24972 | Lair:5   | Found a staircase to the Slime Pits.
 24975 | Lair:5   | Found a viscous altar of Jiyva.
 25983 | Lair:5   | Acquired 1211 gold pieces
 25987 | Lair:5   | Acquired a manual of Evocations
 25991 | Lair:5   | Acquired a +2 halberd of venom
 26224 | Orc:2    | Bought a fine helmet for 256 gold pieces
 26224 | Orc:2    | Identified the +1 helmet of Dilutor {Str+5 Dex-4} (You
                  | bought it in a shop on level 2 of the Orcish Mines)
 26229 | Orc:2    | Bought a pair of spiked gloves for 256 gold pieces
 26229 | Orc:2    | Identified the +2 pair of gloves of Zirch {Rampage Regen+}
                  | (You bought it in a shop on level 2 of the Orcish Mines)
 26255 | Orc:2    | Bought the +5 moon troll leather armour {Spirit, Regen++
                  | MP+5} for 1606 gold pieces
 26255 | Orc:2    | Found the +5 moon troll leather armour {Spirit, Regen++
                  | MP+5}
 26610 | D:13     | Found Reuc Tan's Antique Weapon Emporium.
 26827 | D:13     | Identified the +0 leather armour of the Distant Future
                  | {+Blink rElec rC- Regen+}
 27227 | D:13     | Found a gate to the Vaults.
 27327 | D:13     | Acquired a +4 bardiche of protection
 27360 | D:13     | Reached XP level 16. HP: 115/133 MP: 24/25
 27569 | D:14     | Reached skill level 20 in Dodging
 27579 | D:14     | Found an ancient bone altar of Kikubaaqudgha.
 27632 | D:14     | You fall into a shaft and drop 1 floor!
 27632 | D:15     | Entered Level 15 of the Dungeon
 27742 | D:15     | Reached skill level 15 in Polearms
 27834 | D:14     | Found a portal to a secret trove of treasure.
 28979 | D:15     | Found a staircase to the Depths.
 29099 | D:15     | Found a radiant altar of Vehumet.
 29534 | Swamp:1  | Entered Level 1 of the Swamp
 30035 | Swamp:1  | Noticed a thorn hunter
 30051 | Swamp:1  | Killed a thorn hunter
 30190 | Swamp:1  | Found a runed translucent door.
 30276 | Swamp:1  | Noticed lotum's ghost (journeyman CoGl)
 30471 | Swamp:2  | Noticed a thorn hunter
 30566 | Swamp:2  | Reached skill level 10 in Evocations
 30588 | Swamp:2  | Killed a thorn hunter
 30934 | Swamp:2  | Reached XP level 17. HP: 139/139 MP: 27/27
 31232 | Swamp:3  | Noticed Mara
 31239 | Swamp:3  | Reached skill level 21 in Dodging
 31334 | Swamp:3  | Noticed juan097's illusion
 31446 | Swamp:3  | Reached skill level 10 in Ranged Weapons
 31872 | Swamp:3  | Noticed juan097's illusion
 31920 | Swamp:3  | Killed Mara
 32141 | Swamp:4  | Entered Level 4 of the Swamp
 33199 | Swamp:4  | Got the Enchiridion on Incineration and Desecration
 33642 | Swamp:4  | Reached skill level 15 in Fighting
 33642 | Swamp:4  | Reached skill level 15 in Invocations
 33699 | Swamp:4  | Reached XP level 18. HP: 149/149 MP: 29/29
 33821 | Swamp:4  | Got a decaying rune of Zot
 34003 | Swamp:1  | Killed lotum's ghost
 34551 | D:10     | Bought a scroll of enchant weapon for 112 gold pieces
 34551 | D:10     | Bought a scroll of enchant weapon for 112 gold pieces
 34699 | D:14     | You paid a toll of a +5 demon trident to enter a treasure
                  | trove
 34700 | Trove    | Entered a treasure trove
 34702 | Trove    | Found a bloodstained altar of Trog.
 34718 | Trove    | Identified the +3 war axe "Killer Bee's Curse" {drain, Fly
                  | Int+5 Dex+2}
 34727 | Trove    | Identified the +3 triple crossbow "Qistrupe" {flame, rF+
                  | rN+ Int+7}
 34729 | Trove    | Identified the +1 glaive "Arcanum" {flame, Dex+2}
 34755 | Trove    | Identified the +5 bardiche of Pestilence {flame, rC+ Dex+4}
 34760 | Trove    | Identified the +9 hand axe of Reimun Qesoll {drain, rF- rN+
                  | Str+4}
 34993 | Spider:1 | Entered Level 1 of the Spider Nest
 35049 | Spider:1 | Identified the +1 trident "Killer Bee's Doom" {pain, rC++
                  | rCorr}
 35387 | Spider:1 | Noticed Roxanne
 36018 | Spider:1 | Killed Roxanne
 37789 | Spider:3 | Identified the +0 tower shield "Afaqa" {rCorr SInv Stlth+}
 37789 | Spider:3 | Noticed Louise
 37847 | Spider:3 | Killed Louise
 38109 | Spider:3 | Found a transporter.
 38111 | Spider:3 | Noticed Boorch's ghost (adept HuFE)
 38113 | Spider:3 | Found a transporter.
 38880 | Spider:3 | Killed Boorch's ghost
 38934 | Spider:3 | Identified the +3 barding of Gethroh {Harm rPois rF+ Int+2}
 39007 | Spider:4 | Entered Level 4 of the Spider Nest
 39453 | Spider:4 | Reached XP level 19. HP: 159/159 MP: 30/30
 41461 | Spider:4 | Got a gossamer rune of Zot
 41464 | Spider:4 | Identified the orb "Taolaq" {*channel, +Inv rN+ Hexes}
 41824 | Vaults:1 | Entered Level 1 of the Vaults
 41985 | Vaults:1 | Found a magical portal.
 41992 | WizLab   | Entered The Hall of the Hellbinder
 42139 | WizLab   | Noticed a tentacled monstrosity
 42151 | WizLab   | Killed a tentacled monstrosity
 42428 | WizLab   | Noticed a dread lich
 42454 | WizLab   | Paralysed by a dread lich for 3 turns
 42462 | WizLab   | Killed a dread lich
 42571 | WizLab   | Identified the +10 lajatang of Somewhere Else {vamp, rElec
                  | rF+ rN++ MP-9}
 42571 | WizLab   | Noticed Torekh
 42579 | WizLab   | Noticed a Brimstone Fiend
 42587 | WizLab   | Killed Torekh the Hellbinder
 42591 | WizLab   | Found a burning altar of Makhleb.
 42600 | WizLab   | Identified the amulet of Naqon {*Corrode rC++ Regen+ Dex+4}
 42629 | WizLab   | Got the Atlas of Calling
 43037 | Vaults:1 | Found Ritzeiv's Book Shop.
 43043 | Vaults:1 | Learned a level 1 spell: Apportation
 43844 | Vaults:1 | Reached XP level 20. HP: 112/170 MP: 22/32
 45565 | Vaults:3 | Reached skill level 15 in Evocations
 45589 | Vaults:3 | Noticed Bai Suzhen
 45814 | Vaults:2 | Killed Bai Suzhen
 45945 | Vaults:3 | Found Ekoucori's Weapon Emporium.
 46456 | Vaults:3 | Noticed Asterion
 46474 | Vaults:3 | Killed Asterion
 46570 | Vaults:3 | Noticed Zenata
 46585 | Vaults:3 | Killed Zenata
 46684 | Vaults:3 | Identified the +0 robe of the Spider Nest {Harm rElec
                  | Dex+4}
 46701 | Vaults:3 | Found a staircase to the Crypt.
 46825 | Vaults:3 | Reached XP level 21. HP: 154/179 MP: 27/33
 46927 | Vaults:3 | Found Ledde's Round Resellers.
 46949 | Vaults:3 | Reached skill level 22 in Dodging
 47480 | Vaults:4 | Noticed Margery
 47771 | Vaults:4 | Found Ucsozxio's Distillery.
 47922 | Vaults:4 | Bought a potion of might for 76 gold pieces
 47922 | Vaults:4 | Bought a potion of cancellation for 152 gold pieces
 48237 | Vaults:4 | Killed Margery
 48581 | Vaults:4 | Noticed Sojobo
 48593 | Vaults:4 | Killed Sojobo
 48625 | Vaults:4 | Paralysed by a sphinx for 2 turns
 49024 | D:13     | Identified a +6 bardiche of holy wrath (a +4 bardiche of
                  | protection blessed by the Shining One)
 49024 | D:13     | Received a gift from the Shining One
 49250 | Crypt:1  | Entered Level 1 of the Crypt
 49915 | Crypt:2  | Noticed Khufu
 49915 | Crypt:2  | Noticed a royal mummy
 49929 | Crypt:2  | Killed Khufu
 50193 | Crypt:2  | Reached XP level 22. HP: 190/190 MP: 34/34
 50242 | Crypt:2  | Killed a royal mummy
 50411 | Crypt:2  | Reached skill level 15 in Ranged Weapons
 50560 | Crypt:2  | Found a runed translucent gate.
 50560 | Crypt:2  | Found a runed translucent gate.
 50560 | Crypt:2  | Found a runed translucent gate.
 50562 | Crypt:2  | Found an opulent altar of Gozag.
 50563 | Crypt:2  | Found Ategoz's Assorted Antiques.
 50568 | Crypt:2  | Noticed Dome's ghost (veteran DsSu)
 50728 | Crypt:2  | Killed Dome's ghost
 50777 | Crypt:2  | Bought a potion of heal wounds for 105 gold pieces
 50777 | Crypt:2  | Bought a scroll of poison for 84 gold pieces
 50799 | Crypt:3  | Entered Level 3 of the Crypt
 51423 | Crypt:3  | Found a basalt altar of Yredelemnul.
 51423 | Crypt:3  | Noticed a dread lich
 51423 | Crypt:3  | Paralysed by a dread lich for 5 turns
 51437 | Crypt:3  | Killed a dread lich
 51493 | Crypt:3  | Identified the staff of Regicide {rN+ rCorr Str+3 Int+5
                  | Stlth- Necro}
 51724 | Crypt:3  | Found a staircase to the Tomb.
 51742 | Crypt:3  | Identified the ring "Licsuss" {rPois rF+ rN++ Dex+6}
 51742 | Crypt:3  | Identified the ring of Bontucel {rN++ Will+ rCorr EV+5
                  | Int-5 Dex+3}
 52351 | Depths:1 | Entered Level 1 of the Depths
 52469 | Depths:1 | Found Meugumm's Armour Emporium.
 52488 | Depths:1 | Found a bloodstained altar of Trog.
 52535 | Depths:1 | Found a transporter.
 52575 | Depths:1 | Found a one-way gate leading to the halls of Pandemonium.
 52613 | Depths:1 | Found a hide-covered altar of Uskayaw.
 52718 | Depths:1 | Noticed osuadh's ghost (adept MDFi)
 52726 | Depths:1 | Found a transporter.
 52727 | Depths:1 | Found a gateway to Hell.
 53035 | Depths:1 | Reached XP level 23. HP: 166/198 MP: 32/35
 53147 | Depths:1 | Reached skill level 23 in Dodging
 53444 | Depths:2 | Found Daggaube's Magic Scroll Emporium.
 53452 | Depths:2 | Bought a scroll of blinking for 135 gold pieces
 53452 | Depths:2 | Bought a scroll of silence for 171 gold pieces
 53554 | Depths:2 | Noticed a juggernaut
 53568 | Depths:2 | Killed a juggernaut
 54093 | Depths:2 | Reached skill level 10 in Armour
 55062 | Depths:3 | Found a runed door.
 55076 | Depths:3 | Reached XP level 24. HP: 210/210 MP: 35/35
 55081 | Depths:3 | Noticed a dread lich
 55086 | Depths:3 | Found the amulet of Vitality {RegenMP++ Regen++}
 55103 | Depths:3 | Killed a dread lich
 55134 | Depths:3 | Identified the +0 chain mail "Unlogh" {rC+ rN+ rCorr
                  | Stlth+}
 55139 | Depths:3 | Identified the +2 pair of boots "Miyzyfubb" {rF++}
 55285 | Depths:3 | Identified the ring "Nodapp" {rElec Will+ Str+6}
 55289 | Depths:3 | Identified the +9 morningstar of True Grit {flame, rPois
                  | Dex+4}
 55425 | Depths:3 | You fall into a shaft and drop 1 floor!
 55425 | Depths:4 | Entered Level 4 of the Depths
 55425 | Depths:4 | Found a gate to the Realm of Zot.
 55432 | Depths:4 | Got a midnight gem with 30 turns to spare
 55537 | Depths:4 | Noticed Vv
 55916 | Depths:4 | Noticed a juggernaut
 55931 | Depths:4 | Killed a juggernaut
 55976 | Depths:4 | Noticed a caustic shrike
 55983 | Depths:4 | Killed a caustic shrike
 56480 | Depths:4 | Noticed the Enchantress
 56490 | Depths:3 | Reached skill level 24 in Dodging
 56534 | Depths:3 | Killed the Enchantress
 56772 | Depths:4 | Found a hazy altar of Hepliaklqana.
 56773 | Depths:4 | Found a broken altar of Ashenzari.
 56773 | Depths:4 | Found a one-way gateway to a ziggurat.
 56774 | Depths:4 | Found a shimmering altar of Xom.
 56844 | Depths:4 | Killed Vv
 57055 | Depths:4 | Reached XP level 25. HP: 217/217 MP: 35/35
 57137 | Depths:4 | Got the Spellbook of Calculation
 57138 | Depths:4 | Identified the +8 dagger of Hebaxag {freeze, rElec rPois
                  | rN+ Str+2}
 57146 | Depths:4 | Identified the +7 halberd "Cuathac" {heavy, Str+2 Stlth+}
 57597 | Slime:1  | Entered Level 1 of the Pits of Slime
 57803 | Slime:2  | Gained mutation: You are weak. (Str -2) [a shining eye]
 57806 | Slime:2  | Gained mutation: Your body sometimes deteriorates upon
                  | taking damage. [a shining eye]
 57932 | Slime:5  | Entered Level 5 of the Pits of Slime
 58089 | Slime:5  | Noticed the Royal Jelly
 58318 | Slime:5  | Found a viscous altar of Jiyva.
 58357 | Slime:5  | Killed the Royal Jelly
 58633 | Slime:5  | Got the Volume of Hexing Graupel
 58640 | Slime:5  | Identified the staff of Regicide {rN+ Summ Necro Tloc Fire}
 58727 | Slime:5  | Got the Grimoire of the Band
 58758 | Slime:5  | Got a slimy rune of Zot
 58764 | Slime:5  | Identified the staff of Havoc {rPois Stlth+ Alchemy}
 58772 | Slime:5  | Identified the amulet "Vaiph" {Regen+ Str+2}
 59474 | Depths:4 | Identified the +8 tower shield "Plog" {Rampage}
 59474 | Depths:4 | Noticed Mennas
 59486 | Depths:4 | Killed Mennas
 59553 | Zot:1    | Entered Level 1 of the Realm of Zot
 59607 | Zot:1    | Identified the +5 falchion "Donailic" {drain, rElec rC-
                  | Str+5 Int-3 Stlth+}
 60378 | Zot:1    | Noticed an ancient lich
 60394 | Zot:1    | Killed an ancient lich
 60395 | Zot:1    | Reached skill level 10 in Stealth
 60475 | Zot:1    | Found a stormy altar of Qazlal.
 60493 | Zot:1    | Identified the staff of Nilemug {rF+ rN+++ Dex-4 Stlth--
                  | Conj Fire Ice Earth}
 60494 | Zot:1    | Identified the storm talisman "Ytinn" {rC+ Str+2 Stlth--}
 60496 | Zot:1    | Identified the staff "Goonn" {rElec rPois rN+ Str+3 Stlth--
                  | Air Earth}
 60497 | Zot:1    | Identified the storm talisman "Liojuany" {rF+ rC+ SInv
                  | Stlth--}
 60570 | Zot:2    | Reached skill level 25 in Dodging
 60699 | Zot:2    | Found a transporter.
 60725 | Zot:2    | Found a transporter.
 60798 | Zot:2    | Found a transporter.
 60883 | Zot:2    | Reached XP level 26. HP: 227/227 MP: 36/36
 61044 | Zot:2    | Identified the +1 plate armour of Lugonu's Esteem {Fly
                  | rElec Dex-2}
 61091 | Zot:2    | Noticed Ujuizeuc's ghost (adept MiFi)
 61097 | Zot:2    | Found a transporter.
 61112 | Zot:2    | Identified the +2 cloak of Natheiki {rElec rN+ Dex-5}
 61115 | Zot:2    | Found a bloodstained altar of Trog.
 61123 | Zot:2    | Found a transporter.
 61308 | Zot:2    | Found a transporter.
 61635 | Zot:3    | Reached skill level 10 in Throwing
 62570 | Zot:3    | Learned a level 2 spell: Blink
 62641 | Zot:4    | Reached skill level 1 in Spellcasting
 62652 | Zot:4    | Reached skill level 1 in Translocations
 63503 | Zot:4    | Reached XP level 27. HP: 227/235 MP: 17/36
 63776 | Zot:5    | Entered Level 5 of the Realm of Zot
 64236 | Zot:5    | Reached skill level 5 in Translocations
 64298 | Zot:5    | Noticed a dread lich
 64317 | Zot:5    | Killed a dread lich
 64339 | Zot:5    | Noticed a dread lich
 64350 | Zot:5    | Killed a dread lich
 64372 | Zot:5    | Gained mutation: You are occasionally teleported next to
                  | monsters. [mutagenic glow]
 64396 | Zot:5    | Gained mutation: Armour fits poorly on your strangely
                  | shaped body. [mutagenic glow]
 64413 | Zot:5    | Gained mutation: You sometimes lose your temper in combat.
                  | [mutagenic glow]
 64547 | Zot:5    | Noticed an orb of fire
 64562 | Zot:5    | Killed an orb of fire
 64599 | Zot:5    | Noticed an orb of fire
 64599 | Zot:5    | Noticed an orb of fire
 64599 | Zot:5    | Noticed an orb of fire
 64604 | Zot:5    | Gained mutation: You are clumsy. (Dex -2) [an orb of fire]
 64607 | Zot:5    | Gained mutation: You have a pair of small horns on your
                  | head. [an orb of fire]
 64783 | Zot:5    | Killed an orb of fire
 64789 | Zot:5    | Gained mutation: You are vulnerable to heat. (rF-) [an orb
                  | of fire]
 64790 | Zot:5    | Killed an orb of fire
 64890 | Zot:5    | Gained mutation: You have an uncontrollable temper. [an orb
                  | of fire]
 64893 | Zot:5    | Lost mutation: You have an uncontrollable temper. [an orb
                  | of fire]
 64896 | Zot:5    | Killed an orb of fire
 65052 | Zot:5    | Noticed an orb of fire
 65060 | Zot:5    | Gained mutation: You are frail. (-10% HP) [an orb of fire]
 65067 | Zot:5    | Killed an orb of fire
 65139 | Zot:5    | Reached skill level 26 in Dodging
 65475 | Zot:5    | Lost mutation: You have a pair of small horns on your head.
                  | [potion of mutation]
 65475 | Zot:5    | Lost mutation: You are frail. (-10% HP) [potion of
                  | mutation]
 65475 | Zot:5    | Gained mutation: Your body often deteriorates upon taking
                  | damage. [potion of mutation]
 65475 | Zot:5    | Gained mutation: You are strong-willed. (Will+) [potion of
                  | mutation]
 65475 | Zot:5    | Lost mutation: You are clumsy. (Dex -2) [potion of
                  | mutation]
 65475 | Zot:5    | Gained mutation: Your mind is acute. (Int +4, Str/Dex -1)
                  | [potion of mutation]
 65476 | Zot:5    | Lost mutation: You are weak. (Str -2) [potion of mutation]
 65476 | Zot:5    | Lost mutation: Your mind is acute. (Int +4, Str/Dex -1)
                  | [potion of mutation]
 65476 | Zot:5    | Lost mutation: You are vulnerable to heat. (rF-) [potion of
                  | mutation]
 65476 | Zot:5    | Gained mutation: You are somewhat resistant to further
                  | mutation. [potion of mutation]
 65476 | Zot:5    | Gained mutation: Your mind is acute. (Int +4, Str/Dex -1)
                  | [potion of mutation]
 65479 | Zot:5    | Lost mutation: Your mind is acute. (Int +4, Str/Dex -1)
                  | [potion of mutation]
 65479 | Zot:5    | Lost mutation: You sometimes lose your temper in combat.
                  | [potion of mutation]
 65479 | Zot:5    | Gained mutation: You expend magic power (3 MP) to
                  | strengthen your wands. [potion of mutation]
 65544 | Zot:5    | Got the Orb of Zot
 66239 | D:5      | Noticed Xicekkos the pandemonium lord
 66245 | D:5      | Killed Xicekkos the pandemonium lord
 66289 | D:5      | Killed Sigmund
 66355 | D:5      | Noticed Dauh the pandemonium lord
 66366 | D:5      | Killed Dauh the pandemonium lord
 66496 | D:3      | Noticed Vusax the pandemonium lord
 66504 | D:3      | Killed Vusax the pandemonium lord
 66583 | D:$      | Escaped with the Orb!

Illustrated notes

Levels and vault maps discovered:
D:1:      orjb1_clovarrival, layout_loops_ring, serial_rivers,
          chequers_serial_rivers_micro_d, chequers_serial_rivers_marsh,
          chequers_serial_rivers_micro_e, chequers_serial_rivers_room_a,
          chequers_ecumenical_altar_simple_redux, corexii_corridor_pit
D:2:      layout_loops_cross, st_stairs_8, kennysheep_big_empty_room
D:3:      kennysheep_goblin_castle, layout_rooms, nicolae_wu_jian_wuxing_cycle,
          hangedman_glass_teeth, kennysheep_generic_room_3
D:4:      kennysheep_six_static_rooms, layout_rooms, evilmike_ruin_ashenzari,
          kennysheep_mini, uniq_natasha, uniq_duvessa
D:5:      kennysheep_steamy, layout_loops_cross, reono_crystal_passage,
          minivault_5, kennysheep_generic_room_16, uniq_sigmund
D:6:      layout_cave_pods, mainiacjoe_overflow_concentric_impassable,
          serial_column_ruins, column_ruins_grid_1, column_ruins_columns_corner,
          column_ruins_columns_straight, column_ruins_grid_2,
          column_ruins_corridor_corner, column_ruins_grid_3
D:7:      layout_basic, amcnicky_altar_gilded, minmay_temple_entry_proselytizer,
          st_stairs_10
D:8:      nicolae_cairo_tiling_very_big, layout_basic,
          nicolae_kikubaaqudgha_miasma_corner
D:9:      minmay_octagon_keep, layout_grid_maze, mainiacjoe_overflow_alcove_4,
          mainiacjoe_overflow_paths, gammafunk_ghost_split, serial_library,
          serial_library_hellmonk_big_corner,
          serial_library_regret_index_headful,
          serial_library_hellmonk_metal_room, serial_library_hellmonk_room_c,
          serial_library_hellmonk_angled_corner,
          serial_library_hellmonk_double_dead_end,
          serial_library_hellmonk_h_bend, serial_library_hellmonk_junction,
          uniq_gastronok, uniq_jeremiah
D:10:     layout_basic, mainiacjoe_overflow_alcove_2, kennysheep_mini_moat,
          old_standard_altar, grunt_lair_entry_orc_guard_hut, serial_shops,
          shop, kennysheep_decorative_pillar
D:11:     layout_loops_corners, uniq_lodul
D:12:     due_chaos_kobolds, layout_basic,
          kennysheep_orc_monster_closet_entryway
D:13:     layout_roguey, hellmonk_vaults_keyhole, serial_shops,
          nicolae_shop_tiny_real_fake_doors, st_stairs_5
D:14:     layout_rooms, hangedman_decor_diamond_cutter,
          nicolae_trove_entry_crossroad, special_room [special_room_bee],
          minmay_ruined_shrine
D:15:     gammafunk_enter_depths_forms, layout_gridville, vehumet_statue
Temple:   chequers_temple_sunken
Lair:1:   layout_regular_city, evilmike_ambush [evilmike_ambush_outer_corners,
          evilmike_ambush_inner_basic], uniq_erica
Lair:2:   layout_loops_ring
Lair:3:   layout_cave_shapes, mainiacjoe_swamp_entry_lozenge_pond,
          hellmonk_spider_entry_life_and_decay, infiniplex_staircase_pool
Lair:4:   layout_loops_ring, lemuel_fruit_tree
Lair:5:   evilmike_catoblepas_cave, layout_gridlike,
          minmay_slime_entry_jelly_boxes, gauntlet_entry_generic, uniq_nessos
Swamp:1:  layout_falls_marsh, ebering_ghost_reflecting_pool,
          nicolae_swamp_oxbows
Swamp:2:  layout_basic_swamp, nicolae_swamp_tree_designs, swamp_pool_1_2
Swamp:3:  layout_basic_swamp, hangedman_swamp_ruin_wall, uniq_mara
Swamp:4:  nzn_swamp_witches_coven, layout_basic_swamp, swamp_pool_1_2,
          infiniplex_staircase_pool_2, nicolae_swamp_decorative_isthmus
Spider:1: layout_spider_delve, nicolae_spider_rock_and_or_roll, uniq_roxanne
Spider:2: layout_cave_pods, hangedman_spider_tarantella_strand
Spider:3: layout_cave_pods, gammafunk_ghost_arena, uniq_louise
Spider:4: grunt_spider_rune_parallel, drop_trap
Slime:1:  layout_caves, nicolae_slime_getting_an_eyeful
Slime:2:  layout_caves
Slime:3:  layout_caves
Slime:4:  layout_caves, nicolae_slime_phagocytosis
Slime:5:  slime_pit_nicolae_trefoil
Orc:1:    layout_caves, basic_altar, uniq_jorgrun
Orc:2:    grunt_orc_community_town_hall, layout_caves,
          grunt_orc_community_big_house_2, grunt_orc_community_big_house_1,
          grunt_orc_community_house_3, grunt_orc_community_house_2,
          grunt_orc_community_house_1, grunt_orc_community_house_1,
          grunt_orc_community_house_2, grunt_orc_community_house_3
Vaults:1: mu_enter_wizlab_1, nicolae_vaults_circle_grid_b, v_misc_18,
          nicolae_vaults_circle_grid_b, nicolae_vaults_double_plus_1,
          grunt_vaults_diagonal, nicolae_vaults_network_periphery,
          vaults_room_door_ring, nicolae_vaults_heart-shaped_vault, v_misc_28,
          dpeg_vaults_waves, v_misc_11, grunt_vaults_funnel,
          nicolae_vaults_tetromino_T_1, layout_vaults_omnicross, serial_shops,
          shop
Vaults:2: nicolae_vaults_shipping_containers_5, nicolae_vaults_border_crossing,
          nicolae_vaults_hallways_thing, ontoclasm_vaults_bender,
          hangedman_vaults_corner_blocks, ontoclasm_vaults_gateway,
          ontoclasm_vaults_tryst, vaults_room_semicircle, layout_vaults_big_room
Vaults:3: v_rooms_4, nicolae_vaults_closet_pinwheel_5, vaults_dpeg_cross,
          nicolae_vaults_frosty_reception,
          nicolae_vaults_taking_the_gang_shopping, v_misc_5,
          nicolae_vaults_stairing_the_circle, minmay_crypt_entry_simple_round,
          tekkud_shop_of_orbs, nicolae_vaults_shelves_hall, layout_vaults_ring,
          uniq_asterion, uniq_bai_suzhen, uniq_zenata
Vaults:4: nicolae_vaults_more_shelving_2, v_misc_28, nicolae_vaults_tangram_2,
          nicolae_vaults_little_squares_1, nicolae_vaults_trapezoid_lopsided_1,
          v_misc_18, layout_vaults_omnigrid, serial_shops, shop, uniq_margery,
          uniq_sojobo
Crypt:1:  layout_rooms, grunt_ministairs_7, nicolae_crypt_fancy_cubbyholes,
          nicolae_crypt_lurching_hallway, grunt_crypt_arrival_webbed
Crypt:2:  layout_rooms, ebering_ghost_gozag, roderic_lattice_octagonal_star,
          uniq_khufu
Crypt:3:  cryptofortress_bobbens
Depths:1: layout_cave_shapes, rand_demon_pan_entry_8,
          gammafunk_ghost_abyssal_escape, hell_entry,
          nicolae_uskayaw_murder_on_the_dancefloor, serial_shops,
          nicolae_shop_hallway_stairs, bloody_trog
Depths:2: lemuel_castle_with_subvaults [lemuel_castle_interior_carwin_3],
          layout_cave_shapes, rand_demon_pan_entry_9, pf_hell_entry_tar_spiral,
          serial_library_hellmonk_hallway_b, minmay_shop_grid_forest
Depths:3: evilmike_wizard_prison, layout_cave_pools, abyss_entry,
          grunt_hell_entry_dis_grunt, roderic_lattice_a, lemuel_nasty_fountain
Depths:4: hangedman_slaughterboxes, pan_entry, hell_entry, uniq_enchantress,
          uniq_mennas, uniq_vv
Zot:1:    regret_index_qazlal_generations, layout_onion_interference
Zot:2:    layout_onion_interference, gammafunk_ghost_wrathful_warriors,
          nicolae_transporter_intersection, grunt_megastairs_5
Zot:3:    layout_cellular_growth, regret_index_zotdec_split_disrupt
Zot:4:    layout_misc_corridors, regret_index_zotdec_zees,
          regret_index_zotdec_silver_v_v_orig_slice, zot_minivault_5
Zot:5:    layout_misc_corridors, lemuel_baited_zot_trap

Skill      XL: |  1  2  3  4  5  6  7  8  9 10 11 12 13 14 15 16 17 18 19 20 21 22 23 24 25 26 27 |
---------------+----------------------------------------------------------------------------------+-----
Stealth        | 1 2 3 4 5 6 8 10 | 10.0
Invocations    | 1 2 4 5 6 8 9 12 14 15 16 17 18 19 | 19.4
Fighting       | 3 4 5 6 8 12 13 14 15 16 17 18 20 22 23 24 | 24.0
Polearms       | 5 7 8 9 10 13 14 16 18 19 20 21 22 23 24 | 24.0
Throwing       | 3 4 5 6 8 10 | 10.0
Armour         | 2 4 6 7 8 9 10 11 | 11.0
Dodging        | 6 7 8 10 14 16 19 20 21 22 23 24 25 26 | 26.4
Ranged Weapons | 1 2 3 4 8 9 10 11 12 14 15 16 18 | 18.2
Evocations     | 1 2 4 6 8 10 12 13 14 15 16 17 | 17.4
Spellcasting   | 4 |  4.0
Translocations | 3 8 |  8.0

Action                     |  1- 3 |  4- 6 |  7- 9 | 10-12 | 13-15 | 16-18 | 19-21 | 22-24 | 25-27 || total
---------------------------+-------+-------+-------+-------+-------+-------+-------+-------+-------++-------
  Melee: Trident           |    80 |   197 |   386 |  1004 |  1454 |    53 |       |       |       ||  3174
         Tailslap          |       |       |       |     1 |       |   114 |    14 |    25 |       ||   154
         Halberd           |       |       |       |       |   134 |  1844 |   218 |       |       ||  2196
         Bardiche          |       |       |       |       |       |    55 |  1121 |  1402 |  1421 ||  3999
         Headbutt          |       |       |       |       |       |       |       |       |    37 ||    37
   Fire: Sling             |       |     9 |    91 |       |       |       |       |       |       ||   100
         Orcbow            |       |       |       |    57 |    59 |       |       |       |       ||   116
         Longbow           |       |       |       |       |   127 |   262 |       |       |       ||   389
         Triple crossbow   |       |       |       |       |       |     8 |   273 |   270 |   358 ||   909
  Throw: Dart              |       |     4 |     8 |    33 |    83 |   135 |   131 |     5 |    22 ||   421
         Throwing net      |       |       |       |     5 |     1 |       |       |       |       ||     6
         Javelin           |       |       |       |       |       |       |     1 |     1 |    11 ||    13
   Cast: Blink             |       |       |       |       |       |       |       |       |     1 ||     1
 Invoke: Divine Shield     |       |       |     1 |       |     1 |       |       |     1 |     1 ||     4
         Summon Divine War |       |       |       |       |     3 |     2 |     4 |     2 |    10 ||    21
         Cleansing Flame   |       |       |       |       |       |     3 |       |       |     2 ||     5
         Brand Weapon With |       |       |       |       |       |       |     1 |       |       ||     1
  Evoke: Wand              |       |     1 |    10 |    26 |    16 |    29 |     4 |     1 |     5 ||    92
         Lightning rod     |       |       |       |       |       |       |     4 |     8 |       ||    12
         Phial of floods   |       |       |       |       |       |       |     2 |     2 |     1 ||     5
         Sack of spiders   |       |       |       |       |       |       |     2 |     1 |     2 ||     5
         Phantom mirror    |       |       |       |       |       |       |     1 |     2 |       ||     3
    Use: Scroll            |       |       |       |    14 |    13 |    11 |    12 |     3 |     8 ||    61
         Potion            |       |       |       |       |       |     4 |     6 |     4 |    18 ||    32
   Stab: Sleeping          |     1 |       |       |       |       |       |       |       |       ||     1
 Armour: Leather armour    |    32 |     4 |   174 |    38 |       |       |       |       |       ||   248
         Ring mail         |       |    95 |    32 |       |       |       |       |       |       ||   127
         Acid dragon scale |       |       |       |   453 |   402 |       |       |    35 |   655 ||  1545
         Troll leather arm |       |       |       |       |    44 |  1014 |   799 |   547 |       ||  2404
  Dodge: Dodged            |    35 |   123 |   249 |   731 |  1017 |  2566 |  2161 |  2184 |  1989 || 11055
         Repelled          |       |       |       |       |    10 |    79 |    55 |   147 |   303 ||   594
  Block: Other             |       |       |     7 |       |    14 |       |       |     1 |     2 ||    24

Table legend: (Time is in decaauts)
 A = Elapsed time spent in this place.
 B = Non-inter-level travel time spent in this place.
 C = Inter-level travel time spent in this place.
 D = Time resting spent in this place.
 E = Time spent auto-exploring this place.
 F = Levels seen in this place.
 G = Mean time per level.
                   A        B        C        D        E       F      G
               +--------+--------+--------+--------+--------+-----+--------+
         Total |  63953 |  58286 |   5667 |   1353 |  39260 |  55 | 1162.8 |
       Dungeon |  20126 |  17597 |   2529 |    517 |  12938 |  15 | 1341.7 |
        Temple |      1 |      1 |      0 |      0 |      0 |   1 |    1.0 |
          Lair |   6940 |   6199 |    741 |      0 |   4513 |   5 | 1388.0 |
         Swamp |   3993 |   3704 |    289 |     32 |   2313 |   4 |  998.2 |
   Spider Nest |   6292 |   5962 |    330 |    100 |   4389 |   4 | 1573.0 |
    Slime Pits |   1333 |   1253 |     80 |    147 |    534 |   5 |  266.6 |
  Orcish Mines |   3104 |   2944 |    160 |     93 |   2090 |   2 | 1552.0 |
        Vaults |   6765 |   6199 |    566 |    113 |   4136 |   4 | 1691.2 |
         Crypt |   2764 |   2645 |    119 |    131 |   1504 |   3 |  921.3 |
        Depths |   5125 |   4634 |    491 |      0 |   2630 |   4 | 1281.2 |
           Zot |   6072 |   5715 |    357 |    127 |   3652 |   5 | 1214.4 |
         Trove |     94 |     94 |      0 |      0 |     38 |   1 |   94.0 |
        Wizlab |    732 |    732 |      0 |     93 |    134 |   1 |  732.0 |
      Gauntlet |    605 |    605 |      0 |      0 |    386 |   1 |  605.0 |
               +--------+--------+--------+--------+--------+-----+--------+

Top non-repeatable levels by time:
     D:9: 2799 daAuts
Spider:4: 2422 daAuts
    D:10: 2159 daAuts
   Orc:2: 1987 daAuts
  Lair:5: 1935 daAuts
    D:12: 1857 daAuts
Vaults:4: 1783 daAuts
Vaults:1: 1756 daAuts
  Lair:1: 1755 daAuts
    D:11: 1750 daAuts
Vaults:3: 1701 daAuts
   Zot:5: 1638 daAuts
Depths:4: 1580 daAuts
Vaults:2: 1523 daAuts
Depths:3: 1469 daAuts
